[Event "Early-Titled-Tuesday-Blitz-January-30-2024"]
[Site "Chess.com"]
[Date "2024.01.30"]
[Round "9"]
[White "sjoerd893"]
[Black "GeorgiosSouleidis"]
[Result "0-1"]
[WhiteElo "2514"]
[BlackElo "2652"]
[TimeControl "180+1"]
[EndTime "9:47:50 PST"]
[Termination "GeorgiosSouleidis won by resignation"]

1. e4 c5 2. Nf3 e6 3. d4 cxd4 4.
Nxd4 Nf6 5. Nc3 Nc6 6. Nxc6 bxc6 7. e5 Nd5 8. Ne4 Qc7 9. f4 Qb6 10. c4 Ne3 11. Qd3 Bb4+ 12. Ke2 Nxc4 13. Kf3 Ba6 14. Be3 Nxe5+ 15. fxe5 Bxd3 16. Bxb6 Bxe4+ 17. Kxe4 axb6 18. a3 Be7 19. Be2 f6 20. exf6 Bxf6 21. Ra2 d5+ 22. Ke3 Ke7 23. a4 c5 24. b3 Kd6 25. Bb5 Rhf8 26.
Rf1 Bd4+ 27. Ke2 Rxf1 28. Kxf1 Rf8+ 29. Ke1 e5 30. Re2 e4 31. Kd1 Bc3 32. Kc2 Bb4 33.
g4 Ke5 34. Bc6 Rf3 35. Rg2 g5 36. Kb2 h6 37. Bb5 d4 38. Ba6 d3 39. Kc1 Kd4 40.
Kb2 e3 0-1

[Event "Early-Titled-Tuesday-Blitz-January-30-2024"]
[Site "Chess.com"]
[Date "2024.01.30"]
[Round "9"]
[White "BeardedNM"]
[Black "stratacticos"]
[Result "1-0"]
[WhiteElo "2186"]
[BlackElo "2043"]
[TimeControl "180+1"]
[EndTime "9:47:50 PST"]
[Termination "BeardedNM won by resignation"]

1. e4 c5 2. Nf3 Nc6 3. d4 cxd4 4.
Nxd4 e5 5. Nb5 a6 6. Nd6+ Bxd6 7. Qxd6 Qf6 8. Qd1 Qg6 9. Nc3 Nf6 10. f3 O-O 11. Be3 d5 12. Nxd5 Nxe4 13. fxe4 Qxe4 14.
Qd3 Qxd3 15. Bxd3 f5 16. O-O-O f4 17. Bc5 Re8 18. Nc7 Bg4 19. Bc4+ Kh8 20. Rd2 Rac8 21. Nxe8 Rxe8 22. Be2 Bf5 23. Rhd1 e4 24. Rd6 h6 25. Bxa6 Ra8 26. Bxb7 Rxa2 27. Bxc6 Ra1+ 28. Kd2 e3+ 29. Ke2 Bg4+ 30. Bf3 Bxf3+ 31. Kxf3 1-0

[Event "Early-Titled-Tuesday-Blitz-January-30-2024"]
[Site "Chess.com"]
[Date "2024.01.30"]
[Round "9"]
[White "SharapovEvgeny"]
[Black "Orujov2008"]
[Result "0-1"]
[WhiteElo "2558"]
[BlackElo "2715"]
[TimeControl "180+1"]
[EndTime "9:47:51 PST"]
[Termination "Orujov2008 won by resignation"]

1. e4 c5 2. Nf3 d6 3. d4 cxd4 4. Nxd4 Nf6 5. f3 e5 6. Nb3 Be7 7. c4 O-O 8. Nc3 Be6 9. Be3 Nc6 10. Be2 Rc8 11. O-O Nd7 12. Nd5 Bg5 13. Bf2 f5 14.
exf5 Bxf5 15. Bd3 Be6 16. Be4 Ne7 17. Nxe7+ Qxe7 18. Bd5 Nf6 19. Bxa7 Nxd5 20. cxd5 Bd7 21. Bf2 Bb5 22. Re1 Bc4 23. Na5 Ba6 24. a4 Rf4 25.
Re4 Rxe4 26. fxe4 Bf4 27. b4 Qc7 28. g3 Bh6 29. Qe1 Qc2 30. Be3 Bxe3+ 31. Qxe3 Qb2 32. Qa3 Rc1+ 33. Rxc1 Qxa3 34. Rc8+ Kf7 35. b5 Qxa4 36. bxa6 Qxa5 37. axb7 Qb6+ 38. Kg2 Qxb7 0-1

[Event "Early-Titled-Tuesday-Blitz-January-30-2024"]
[Site "Chess.com"]
[Date "2024.01.30"]
[Round "9"]
[White "jaskol95"]
[Black "Iana_Shirova"]
[Result "1-0"]
[WhiteElo "2543"]
[BlackElo "2286"]
[TimeControl "180+1"]
[EndTime "9:47:51 PST"]
[Termination "jaskol95 won by checkmate"]

1. e4 e5 2. Nf3 Nc6 3. Bc4 Bc5 4. c3 Nf6 5. d4 exd4 6. cxd4 Bb4+ 7. Kf1 Nxe4 8. d5 Bc5 9. dxc6 O-O 10. Be3 Bxe3 11.
fxe3 bxc6 12. Nc3 Ng5 13. h4 Ne6 14. Bxe6 fxe6 15. Kg1 c5 16. Rh3 Bb7 17. Qe2 d5 18. Rf1 d4 19. exd4 cxd4 20. Qxe6+ Kh8 21. Nd1 Bc8 22. Qe4 Bxh3 23. gxh3 c5 24. Ng5 Rxf1+ 25. Kxf1 Qf6+ 26. Nf2 g6 27. Qxa8+ Kg7 28. Qb7+ Kf8 29. Nxh7+ Kg8 30. Nxf6+ Kh8 31. Qh7# 1-0

[Event "Early-Titled-Tuesday-Blitz-January-30-2024"]
[Site "Chess.com"]
[Date "2024.01.30"]
[Round "9"]
[White "kai_nov"]
[Black "Horokoskii"]
[Result "0-1"]
[WhiteElo "2243"]
[BlackElo "2154"]
[TimeControl "180+1"]
[EndTime "9:47:52 PST"]
[Termination "Horokoskii won by resignation"]

1. d4 Nf6 2. Nc3 g6 3. e4 d6 4. Bg5 Nbd7 5. Nf3 c6 6. e5 dxe5 7. dxe5 Nd5 8. Nxd5 cxd5 9. Qxd5 Qb6 10. Bc4 e6 11.
Qd3 Qxb2 12. O-O Qa3 13. Qe4 Bg7 14. Bf6 Nxf6 15. exf6 Bxf6 16. Bb5+ Kf8 17. Rad1 Kg7 18.
Ne5 Qc5 19. Nxf7 Kxf7 20. Bd7 Qe7 21. Bxc8 Raxc8 22. Rb1 Rc7 23. Rb3 Rd8 24. Rfb1 b6 25.
h3 Rcd7 26. Kh2 Qd6+ 27. g3 Qd4 28. Qf3 Qd5 29. Qf4 Qg5 30. Qc4 Qd5 31. Qf4 Qd4 32. Qh6 Qxf2+ 33. Kh1 Rd1+ 0-1

[Event "Early-Titled-Tuesday-Blitz-January-30-2024"]
[Site "Chess.com"]
[Date "2024.01.30"]
[Round "9"]
[White "Perecke"]
[Black "AlexeiShirov"]
[Result "0-1"]
[WhiteElo "2575"]
[BlackElo "2760"]
[TimeControl "180+1"]
[EndTime "9:47:58 PST"]
[Termination "AlexeiShirov won by resignation"]

1. e4 e5 2. Nf3 Nc6 3. Bb5 a6 4. Ba4 Nf6 5. O-O b5 6. Bb3 Bc5 7. c3 d6 8. a4 Rb8 9. d4 Bb6 10. Re1 Bg4 11. Be3 O-O 12. axb5 axb5 13. d5 Na5 14.
Bxb6 Bxf3 15. gxf3 cxb6 16. Nd2 Nh5 17. Nf1 Nf4 18. Ng3 Qf6 19. Ba2 Nc4 20. b3 Nb2 21.
Qd2 Nbd3 22. Re3 Nh3+ 23. Kg2 Ndf4+ 24. Kh1 Ra8 25. Rf1 Ra3 26. Ree1 Rfa8 27. Bb1 Rxb3 28. Bc2 Rb2 29. Rb1 Raa2 30. Rxb2 Rxb2 31. Rb1 Rxb1+ 32. Bxb1 h5 33. Nf5 Qg5 0-1

[Event "Early-Titled-Tuesday-Blitz-January-30-2024"]
[Site "Chess.com"]
[Date "2024.01.30"]
[Round "9"]
[White "ricaurtelopezj1955"]
[Black "simonachess"]
[Result "1-0"]
[WhiteElo "2185"]
[BlackElo "2340"]
[TimeControl "180+1"]
[EndTime "9:47:58 PST"]
[Termination "ricaurtelopezj1955 won by checkmate"]

1. e4 d5 2. exd5 Nf6 3. c4 e6 4.
d4 exd5 5. Nf3 Be7 6. Bd3 O-O 7. h3 Bg4 8. hxg4 Ne4 9. cxd5 f5 10. gxf5 Qxd5 11. Nc3 Bb4 12. O-O Nxc3 13. bxc3 Bxc3 14. Qc2 Qa5 15. Bc4+ Kh8 16. Rb1 Rxf5 17.
Rxb7 Nc6 18. Bb5 Nxd4 19. Nxd4 Rh5 20. Ne2 Be5 21. Bf4 Bxf4 22. Nxf4 Rxb5 23. Rxc7 Rf5 24. Ne6 Qa6 25. Qxf5 Qd6 26. Ng5 g6 27. Rxh7+ Kg8 28. Qf7# 1-0

[Event "Early-Titled-Tuesday-Blitz-January-30-2024"]
[Site "Chess.com"]
[Date "2024.01.30"]
[Round "9"]
[White "ChEsper99"]
[Black "djano"]
[Result "0-1"]
[WhiteElo "2146"]
[BlackElo "2646"]
[TimeControl "180+1"]
[EndTime "9:48:00 PST"]
[Termination "djano won on time"]

1. e4 e5 2. Nf3 Bc5 3. c3 Nf6 4. d4 exd4 5. cxd4 Bb4+ 6. Bd2 Qe7 7. Bxb4 Qxb4+ 8. Qd2 Nc6 9. Bd3 d5 10. Nc3 dxe4 11.
Nxe4 Qxd2+ 12. Kxd2 Nd5 13. Nc3 Nce7 14. Bc4 Be6 15. Ng5 O-O-O 16. Nxe6 fxe6 17. Nxd5 Nxd5 18. Rhe1 Rd6 19. Re4 Kd7 20. Rae1 Re8 21. Bxd5 Rxd5 22.
Kc3 Rd6 23. f4 Rf8 24. g3 Rf5 25. Re5 Rf6 26. R1e4 a5 27. h4 b6 28. g4 Rc6+ 29. Kd2 Rd6 30. h5 Rf7 31. Ke3 h6 32. g5 c6 33. Kf3 b5 34. Kg4 a4 35. f5 exf5+ 36. Rxf5 Rxf5 37. Kxf5 Rd5+ 38. Kg4 Rxg5+ 39. Kh4 Kd6 40.
Rf4 Kd5 41. Rf7 Kxd4 42. Rc7 Kc5 43. Rf7 Rg2 44. Rf4 Kb6 45. Rg4 Rxg4+ 46. Kxg4 c5 47.
Kf5 a3 0-1

[Event "Early-Titled-Tuesday-Blitz-January-30-2024"]
[Site "Chess.com"]
[Date "2024.01.30"]
[Round "9"]
[White "josmito10"]
[Black "Durarbayli"]
[Result "1-0"]
[WhiteElo "2793"]
[BlackElo "2898"]
[TimeControl "180+1"]
[EndTime "9:48:01 PST"]
[Termination "josmito10 won by resignation"]

1. e4 e6 2. d4 d5 3. Nc3 Nf6 4.
e5 Nfd7 5. f4 c5 6. Nf3 Nc6 7.
Be3 cxd4 8. Nxd4 Qb6 9. a3 Bc5 10. Ncb5 Nxd4 11. Bxd4 O-O 12. b4 Bxd4 13. Qxd4 f6 14.
Qxb6 axb6 15. Nc7 Ra7 16. Nxe6 Rf7 17. c4 fxe5 18. cxd5 exf4 19. Bc4 Ne5 20. Bb3 f3 21. O-O fxg2 22. Kxg2 Rxf1 23. Rxf1 Ng6 24. a4 b5 25. a5 Bxe6 26. dxe6 Ra8 27. Rf7 Rb8 28. Rxb7 Rc8 29. a6 Kf8 30. a7 1-0

[Event "Early-Titled-Tuesday-Blitz-January-30-2024"]
[Site "Chess.com"]
[Date "2024.01.30"]
[Round "9"]
[White "jjlai1111"]
[Black "CristianS27"]
[Result "0-1"]
[WhiteElo "2336"]
[BlackElo "2561"]
[TimeControl "180+1"]
[EndTime "9:48:03 PST"]
[Termination "CristianS27 won by resignation"]

1. d4 Nf6 2. c4 g6 3. Nc3 Bg7 4. e4 d6 5. Nf3 O-O 6. Be2 e5 7. Be3 exd4 8. Nxd4 Re8 9. f3 Nc6 10.
O-O Nh5 11. Nd5 Be5 12. f4 Bxd4 13. Bxh5 Bxe3+ 14. Nxe3 gxh5 15. Qxh5 Rxe4 16. Rf3 Qf6 17. Nd5 Qd4+ 18. Kh1 Be6 19. Rg3+ Kh8 20. Rd1 Bxd5 21. cxd5 Rae8 22. h4 Qxd1+ 23. Qxd1 Re1+ 24. Qxe1 Rxe1+ 25. Kh2 Ne7 26. Rd3 Re2 0-1

[Event "Early-Titled-Tuesday-Blitz-January-30-2024"]
[Site "Chess.com"]
[Date "2024.01.30"]
[Round "9"]
[White "aghasiyevkamal"]
[Black "andrzej"]
[Result "1-0"]
[WhiteElo "2606"]
[BlackElo "2451"]
[TimeControl "180+1"]
[EndTime "9:48:04 PST"]
[Termination "aghasiyevkamal won on time"]

1. d4 d5 2. c4 dxc4 3. e3 Nf6 4.
Bxc4 e6 5. Nf3 c5 6. O-O Nc6 7. Nc3 a6 8. Qe2 b5 9. Bb3 Bb7 10. a3 Be7 11. dxc5 Bxc5 12. e4 O-O 13. Bg5 h6 14.
Rad1 Qc7 15. Bxf6 gxf6 16. Qd2 Kh7 17. Bc2 Rg8 18. Qd7 Rac8 19. e5+ f5 20. Bxf5+ exf5 21.
Qxf5+ Kh8 22. Rd7 Nd4 23. Qf6+ Rg7 24. Rxc7 Nxf3+ 25. Kh1 Rxc7 26. Qd8+ Kh7 27. Qxc7 f5 28. Qxc5 Nh4 29. f3 Nxg2 30. Nd5 Nh4 31. Nf6+ Kg6 32.
Rg1+ Kf7 33. Qc7+ Ke6 34. Qd6+ 1-0

[Event "Early-Titled-Tuesday-Blitz-January-30-2024"]
[Site "Chess.com"]
[Date "2024.01.30"]
[Round "9"]
[White "AlmasRakhmatullaev"]
[Black "FabianoCaruana"]
[Result "1/2-1/2"]
[WhiteElo "2975"]
[BlackElo "3070"]
[TimeControl "180+1"]
[EndTime "9:48:07 PST"]
[Termination "Game drawn by repetition"]

1. e4 e5 2. Nf3 Nc6 3. Bc4 Nf6 4. Ng5 d5 5. exd5 Na5 6. Bb5+ c6 7. dxc6 bxc6 8. Bd3 Nd5 9. Nf3 Bd6 10. O-O Nf4 11. Re1 Nxd3 12. cxd3 O-O 13. Nc3 Re8 14. b3 c5 15. Ba3 Ba6 16. Ne4 Bxd3 17. Nxd6 Qxd6 18. Rc1 Rac8 19. Re3 e4 20. Ne1 Ba6 21. Rec3 Qd7 22. Rxc5 Rxc5 23. Bxc5 Nc6 24. Be3 h6 25. a3 Ne5 26. h3 Re6 27. Rc5 Bb7 28. Qc2 Re7 29. Qc3 Qe6 30. Bd4 Nf3+ 31. gxf3 exf3 32. Re5 Qxh3 33.
Rxe7 Qg4+ 34. Kh2 Qh4+ 35. Kg1 Qg4+ 36. Kh1 Qh4+ 37. Kg1 Qg4+ 1/2-1/2

[Event "Early-Titled-Tuesday-Blitz-January-30-2024"]
[Site "Chess.com"]
[Date "2024.01.30"]
[Round "9"]
[White "GMT4114"]
[Black "cycygogne"]
[Result "0-1"]
[WhiteElo "1945"]
[BlackElo "2277"]
[TimeControl "180+1"]
[EndTime "9:48:07 PST"]
[Termination "cycygogne won on time"]

1. e4 d5 2. Nc3 d4 3. Nce2 e5 4. Ng3 c5 5. Bc4 Nc6 6. d3 a6 7. a4 Nf6 8. f4 Bd6 9. f5 Rb8 10.
Nh5 Nxh5 11. Qxh5 Qc7 12. Nf3 Nb4 13. Bb3 b5 14. axb5 axb5 15. Qg5 f6 16. Qh5+ Kf8 17. g4 c4 18. dxc4 bxc4 19. Ba4 Bd7 20. g5 Bxa4 21. Rxa4 Nxc2+ 22. Kf1 Be7 23. gxf6 Bxf6 24. Rg1 Ne3+ 25. Kf2 Qd7 26. Nh4 Qxa4 27. Ng6+ Kg8 28. Nxh8 Kxh8 0-1

[Event "Early-Titled-Tuesday-Blitz-January-30-2024"]
[Site "Chess.com"]
[Date "2024.01.30"]
[Round "9"]
[White "Eagle_2019"]
[Black "VitaliyChayka"]
[Result "1-0"]
[WhiteElo "2824"]
[BlackElo "2449"]
[TimeControl "180+1"]
[EndTime "9:48:08 PST"]
[Termination "Eagle_2019 won by resignation"]

1. d4 d6 2. Nf3 Nd7 3. e4 e5 4. c3 Ngf6 5. Bd3 Be7 6. O-O O-O 7.
h3 c6 8. a4 Re8 9. Be3 Bf8 10.
Nbd2 Qc7 11. a5 d5 12. dxe5 Nxe5 13. Nxe5 Qxe5 14. Nf3 Qh5 15. e5 Ne4 16. Re1 f6 17.
exf6 Nxf6 18. Bd4 Rxe1+ 19. Qxe1 Bxh3 20. Qe5 Qxe5 21. Nxe5 Be6 22. a6 c5 23. axb7 Rb8 24.
Rxa7 cxd4 25. Nc6 Bd6 26. Nxb8 Bxb8 27. Ra8 Nd7 28. Bb5 d3 29. Bxd7 Kf7 30. Rxb8 d2 31.
Ba4 1-0

[Event "Early-Titled-Tuesday-Blitz-January-30-2024"]
[Site "Chess.com"]
[Date "2024.01.30"]
[Round "9"]
[White "yjjga"]
[Black "tolia123"]
[Result "1-0"]
[WhiteElo "2461"]
[BlackElo "2178"]
[TimeControl "180+1"]
[EndTime "9:48:09 PST"]
[Termination "yjjga won by resignation"]

1. d4 Nf6 2. c4 g6 3. Nc3 Bg7 4. e4 d6 5. f4 O-O 6. Nf3 c5 7.
d5 e6 8. Be2 exd5 9. exd5 Re8 10. O-O Ne4 11. Nxe4 Rxe4 12. Bd3 Re8 13. f5 Na6 14.
fxg6 fxg6 15. a3 Bg4 16. Qc2 Bxf3 17. Rxf3 Re1+ 18. Rf1 Bd4+ 19. Kh1 Rxf1+ 20. Bxf1 Qf6 21. Bh6 Re8 22. Bd3 Qh4 23. Qd2 Be5 24. g3 Bxg3 25.
Rg1 Bf2 26. Bg5 Qd4 27. Rf1 Be3 28. Qe2 Nc7 29. Bf6 Bf4 30. Bxd4 Rxe2 31. Bxe2 Bg5 32. Bf6 Be3 33. Bg4 h5 34. Bd7 a6 35. Bd8 Na8 36. Be6+ Kg7 37. Rf7+ Kh6 38. Rxb7 a5 39. Ra7 1-0

[Event "Early-Titled-Tuesday-Blitz-January-30-2024"]
[Site "Chess.com"]
[Date "2024.01.30"]
[Round "9"]
[White "Caroexpert"]
[Black "Nikolakis2014"]
[Result "1-0"]
[WhiteElo "2596"]
[BlackElo "2747"]
[TimeControl "180+1"]
[EndTime "9:48:11 PST"]
[Termination "Caroexpert won by resignation"]

1. d4 Nf6 2. Nf3 g6 3. Bf4 Bg7 4. c4 d6 5. Nc3 O-O 6. h3 Nc6 7.
e3 Nd7 8. Bh2 e5 9. Be2 f5 10.
O-O Kh8 11. Rb1 g5 12. dxe5 dxe5 13. Nd5 e4 14. Bxc7 Qe8 15. Nd2 Nde5 16. Bd6 Rf7 17. Bh5 Ng6 18. Nc7 Rxc7 19. Bxc7 Be6 20. Nb3 Rc8 21. Bd6 Nce5 22. c5 Nd3 23. Nd4 Bxd4 24. exd4 f4 25. Be2 f3 26. Bxd3 fxg2 27.
Re1 exd3 28. d5 Nh4 29. Rxe6 Qf7 30. Be5+ Kg8 31. Qxd3 Nf3+ 32. Kxg2 Rf8 33. Bg3 h5 34. Qg6+ 1-0

[Event "Early-Titled-Tuesday-Blitz-January-30-2024"]
[Site "Chess.com"]
[Date "2024.01.30"]
[Round "9"]
[White "Shodikulov_Jamshid1990"]
[Black "secretsuperstar7"]
[Result "1-0"]
[WhiteElo "2417"]
[BlackElo "2507"]
[TimeControl "180+1"]
[EndTime "9:48:13 PST"]
[Termination "Shodikulov_Jamshid1990 won by checkmate"]

1. e4 c5 2. Nf3 d6 3. d4 cxd4 4. Nxd4 Nf6 5. Nc3 a6 6. Bc4 Nc6 7. Nxc6 bxc6 8. e5 Nd7 9. Bf4 d5 10. Nxd5 cxd5 11. Qxd5 Qc7 12. Qxf7+ Kd8 13. O-O-O g5 14.
Bg3 h5 15. h4 Bh6 16. Kb1 g4 17. Bb3 Rf8 18. Qxh5 Bg7 19. e6 Qb6 20. exd7 Bxd7 21. Qd5 Ra7 22. h5 Qf6 23. c3 Kc8 24. Qc5+ Kd8 25.
Qxa7 Qf5+ 26. Bc2 Qe6 27. Qb8# 1-0

[Event "Early-Titled-Tuesday-Blitz-January-30-2024"]
[Site "Chess.com"]
[Date "2024.01.30"]
[Round "9"]
[White "Xsu11"]
[Black "OneTrickPony_82"]
[Result "0-1"]
[WhiteElo "2334"]
[BlackElo "2510"]
[TimeControl "180+1"]
[EndTime "9:48:15 PST"]
[Termination "OneTrickPony_82 won on time"]

1. Nf3 Nf6 2. g3 c5 3. Bg2 Nc6 4. O-O d5 5. d3 e5 6. Nbd2 Bd6 7.
e4 d4 8. Nh4 O-O 9. h3 Bc7 10.
a4 a6 11. Nc4 Rb8 12. Bg5 b5 13. axb5 axb5 14. Nd2 h6 15. Bxf6 Qxf6 16. Qh5 Qg5 17. Qe2 Nb4 18. Nb3 Qe7 19. c3 Nc6 20. Nf5 Qf6 21. g4 g6 22. Ng3 Qe7 23. Rfc1 Be6 24. Nd2 dxc3 25. bxc3 b4 26. cxb4 Nd4 27. Qf1 cxb4 28.
Ra7 Rfc8 29. Nc4 Bxc4 30. Rxc4 b3 31. Ne2 Nxe2+ 32. Qxe2 b2 33. Kh2 b1=Q 34. Bf1 Qf6 35. d4 Qf4+ 36. Kg2 Qbxe4+ 0-1

[Event "Early-Titled-Tuesday-Blitz-January-30-2024"]
[Site "Chess.com"]
[Date "2024.01.30"]
[Round "9"]
[White "Muracle"]
[Black "UnTucopalaTimba"]
[Result "0-1"]
[WhiteElo "2488"]
[BlackElo "1935"]
[TimeControl "180+1"]
[EndTime "9:48:17 PST"]
[Termination "UnTucopalaTimba won on time"]

1. Nf3 d5 2. b3 Nf6 3. Bb2 Nc6 4.
e3 a6 5. c4 Bg4 6. Be2 dxc4 7.
Bxc4 e6 8. h3 Bh5 9. O-O Be7 10.
Nc3 O-O 11. d4 b5 12. Be2 Rc8 13. Rc1 Nb4 14. a3 Nbd5 15. b4 Nxc3 16. Bxc3 Nd5 17.
Bd2 a5 18. bxa5 Bxa3 19. Ra1 Bb4 20. e4 Nc3 21. Qe1 Nxe2+ 22. Qxe2 Bxf3 23. gxf3 Qxd4 24. Bxb4 Qxb4 25. Rfb1 Qd4 26. Qxb5 c5 27. a6 Qe5 28. a7 Ra8 29. Qb7 h6 30. Rb5 Qxa1+ 31. Kg2 Rxa7 0-1

[Event "Early-Titled-Tuesday-Blitz-January-30-2024"]
[Site "Chess.com"]
[Date "2024.01.30"]
[Round "9"]
[White "frederiksvane"]
[Black "FormerProdigy"]
[Result "0-1"]
[WhiteElo "2920"]
[BlackElo "3034"]
[TimeControl "180+1"]
[EndTime "9:48:19 PST"]
[Termination "FormerProdigy won by checkmate"]

1. e4 e5 2. Nf3 Nc6 3. Bc4 Bc5 4. c3 Nf6 5. d3 d6 6. O-O O-O 7. Bg5 h6 8. Bh4 g5 9. Bg3 Bb6 10.
Nbd2 Kg7 11. Bb3 Nh7 12. Kh1 f5 13. exf5 Bxf5 14. Qe2 Qd7 15. Rae1 Rae8 16. h3 g4 17. hxg4 Bxg4 18. Qe4 Nf6 19. Qa4 Nh5 20. Bd5 Nf6 21. Bxc6 bxc6 22. d4 Nh5 23. dxe5 Bxf3 24. Nxf3 Nxg3+ 25. fxg3 dxe5 26. Qe4 Qf5 27. Qxc6 Qh5+ 28. Nh2 Bf2 29.
Re4 Bxg3 30. Qd7+ Kh8 31. Rxf8+ Rxf8 32. Qh3 Qd1+ 33. Nf1 Qxf1# 0-1

[Event "Early-Titled-Tuesday-Blitz-January-30-2024"]
[Site "Chess.com"]
[Date "2024.01.30"]
[Round "9"]
[White "ContrVersia"]
[Black "Vsevolod_Ovchinnikov"]
[Result "1-0"]
[WhiteElo "2840"]
[BlackElo "2643"]
[TimeControl "180+1"]
[EndTime "9:48:19 PST"]
[Termination "ContrVersia won on time"]

1. Nf3 Nf6 2. c4 g6 3. g3 Bg7 4. Bg2 d5 5. cxd5 Nxd5 6. d4 Nb6 7. O-O Nc6 8. e3 e5 9. Nc3 exd4 10. exd4 O-O 11. Bg5 Bf6 12. Bxf6 Qxf6 13. d5 Ne7 14. Re1 Bg4 15. Qd4 Qxd4 16. Nxd4 Nf5 17. Ndb5 a6 18.
Nxc7 Rac8 19. h3 Bxh3 20. Bxh3 Rxc7 21. Bxf5 gxf5 22. Rad1 Rd8 23. Rd4 Kg7 24. Kg2 Nc4 25. Nd1 Kg6 26. Rh1 b5 27. b3 Nd6 28. Rdh4 Rc2 29.
Rxh7 Kf6 30. R7h6+ Ke5 31. Re1+ Ne4 32. Kg1 Kd4 33. Rc6 1-0

[Event "Early-Titled-Tuesday-Blitz-January-30-2024"]
[Site "Chess.com"]
[Date "2024.01.30"]
[Round "9"]
[White "K_A_S_T_O_R"]
[Black "dropstoneDP"]
[Result "0-1"]
[WhiteElo "2921"]
[BlackElo "3056"]
[TimeControl "180+1"]
[EndTime "9:48:21 PST"]
[Termination "dropstoneDP won by resignation"]

1. e4 e5 2. Bc4 Nf6 3. d3 c6 4. Bb3 d5 5. Nf3 Bd6 6. Bg5 Be6 7. Nc3 Nbd7 8. O-O d4 9. Bxe6 fxe6 10. Ne2 h6 11. Bxf6 Qxf6 12. c3 dxc3 13. bxc3 O-O 14. Ng3 Rad8 15. Qe2 Rf7 16. Rad1 Nf8 17. d4 Ng6 18.
Kh1 Rdf8 19. Qe3 Bc7 20. Nh5 Qe7 21. Ng3 Bb6 22. Ne2 exd4 23. cxd4 e5 24. Qb3 exd4 25. Nexd4 Qxe4 26. Ne6 Re8 27. Rfe1 Qf5 28. Nfd4 Qxf2 29.
h3 Bxd4 30. Rf1 Qxf1+ 31. Rxf1 Rxf1+ 32. Kh2 Be5+ 33. g3 Rf2+ 34. Kg1 Rf7 35. Nc5 Bd4+ 36.
Kg2 Bxc5 0-1

[Event "Early-Titled-Tuesday-Blitz-January-30-2024"]
[Site "Chess.com"]
[Date "2024.01.30"]
[Round "9"]
[White "Boundless_Strike"]
[Black "LornerAcosta"]
[Result "1-0"]
[WhiteElo "2626"]
[BlackElo "2421"]
[TimeControl "180+1"]
[EndTime "9:48:21 PST"]
[Termination "Boundless_Strike won by resignation"]

1. d4 d5 2. e4 dxe4 3. Nc3 Bf5 4. f3 Nf6 5. fxe4 Nxe4 6. Qf3 Nxc3 7. bxc3 Bc8 8. Bc4 e6 9. Nh3 Be7 10. O-O O-O 11. Nf4 Nc6 12. Nh5 f5 13. Be3 Bd6 14. Qh3 g6 15. Nf4 Qf6 16. Rae1 Bd7 17. d5 Ne5 18.
Bd4 exd5 19. Nxd5 Qg7 20. Rxe5 Bxe5 21. Ne7+ Kh8 22. Bxe5 Rf6 23. Nd5 Raf8 24. Qh4 g5 25.
Qd4 c5 26. Qxc5 Be6 27. Nxf6 Bxc4 28. Qxc4 1-0

[Event "Early-Titled-Tuesday-Blitz-January-30-2024"]
[Site "Chess.com"]
[Date "2024.01.30"]
[Round "9"]
[White "chess123456s"]
[Black "diamonds13"]
[Result "0-1"]
[WhiteElo "2530"]
[BlackElo "2369"]
[TimeControl "180+1"]
[EndTime "9:48:21 PST"]
[Termination "diamonds13 won by resignation"]

1. e4 c5 2. Nf3 e6 3. g3 Nc6 4.
Bg2 d5 5. exd5 exd5 6. d4 cxd4 7. Nxd4 Nf6 8. O-O Be7 9. c4 Nxd4 10. Qxd4 dxc4 11. Qxc4 O-O 12. Nc3 Be6 13. Qa4 Qb6 14. Qc2 Rac8 15. Be3 Bc5 16. Bg5 Bd4 17. Rad1 Nd5 18.
Bxd5 Bxd5 19. Nxd5 Rxc2 20. Nxb6 Bxb6 21. Rd2 Rfc8 22.
Rfd1 h6 23. Bf4 Ba5 24. Rxc2 Rxc2 25. Be5 f6 26. Bd4 a6 27. a3 Bd2 28. Kf1 Bc1 29. Bc3 Bxb2 30. Bxb2 Rxb2 31. Rd7 Kh7 32. Kg2 Kg6 33.
Kf3 b5 34. Kg2 Rb3 35. a4 bxa4 36. Rd6 a3 37. Rxa6 Kf5 38. Ra7 g5 39. Ra5+ Ke6 40.
Ra6+ Ke5 41. Ra5+ Kd4 42. Ra6 Kc3 43. Rxf6 a2 44. Ra6 Kb2 45. Rxa2+ Kxa2 46. Kh3 Rb4 47. f3 Kb3 48. g4 Rf4 49. Kg3 Kc3 50. h3 Kd3 51. h4 Ke3 52. hxg5 hxg5 0-1

[Event "Early-Titled-Tuesday-Blitz-January-30-2024"]
[Site "Chess.com"]
[Date "2024.01.30"]
[Round "9"]
[White "falzehope0"]
[Black "Slovineanu"]
[Result "0-1"]
[WhiteElo "2379"]
[BlackElo "2446"]
[TimeControl "180+1"]
[EndTime "9:48:22 PST"]
[Termination "Slovineanu won on time"]

1. d4 Nf6 2. e3 d5 3. Be2 Bf5 4. Bd3 Bxd3 5. Qxd3 Nbd7 6. f4 e6 7. Nd2 Bd6 8. Ngf3 c5 9. c3 Rb8 10. O-O b5 11. Ne5 Qc7 12. a3 O-O 13. b4 cxd4 14.
cxd4 Rfc8 15. Nb3 Qc2 16. Nc5 Qxd3 17. Nexd3 Nb6 18. Ra2 Ne4 19. Rc2 Kf8 20. f5 Ke7 21. Bd2 Nc4 22. Bc1 Bxc5 23. Nxc5 a5 24. fxe6 fxe6 25.
Nxe4 dxe4 26. Rcf2 Rf8 27. Rxf8 Rxf8 28. Rxf8 Kxf8 29.
bxa5 Nxa5 30. Kf2 Ke7 31. Kg3 Kd6 32. Kf4 Kd5 33. Bd2 Nc4 34. Bb4 g6 35. h4 e5+ 36.
dxe5 Nxe5 37. Kg5 Nc4 38. Kh6 Nxe3 39. g3 Nc2 40. Bd2 e3 41. Bc3 Kc4 0-1

[Event "Early-Titled-Tuesday-Blitz-January-30-2024"]
[Site "Chess.com"]
[Date "2024.01.30"]
[Round "9"]
[White "giovannibrandao7"]
[Black "Arlo2024"]
[Result "0-1"]
[WhiteElo "2116"]
[BlackElo "2268"]
[TimeControl "180+1"]
[EndTime "9:48:22 PST"]
[Termination "Arlo2024 won by resignation"]

1. e4 e6 2. d4 d5 3. Nc3 dxe4 4. Nxe4 Nd7 5. Nf3 Ngf6 6. Nxf6+ Nxf6 7. Bd3 b6 8. O-O Bb7 9. c3 Be7 10. Bf4 O-O 11. Re1 c5 12. Qe2 Bxf3 13. Qxf3 cxd4 14.
Rad1 Qd5 15. Qxd5 Nxd5 16. Be5 dxc3 17. bxc3 Bf6 18. c4 Nb4 19. Bxf6 gxf6 20. Bb1 Rfd8 21.
a3 Na6 22. f3 Nc5 23. Kf2 f5 24. g4 fxg4 25. fxg4 h6 26. Kg3 Kg7 27. h4 Rac8 28. g5 hxg5 29. hxg5 Na4 30. Rxd8 Rxd8 31. Rh1 Rh8 32.
Rxh8 Kxh8 33. Kf4 Nb2 34. Ke5 Nxc4+ 35. Kf6 Kg8 36. a4 Ne3 37. Ke5 a6 38. Kd6 b5 39.
axb5 axb5 40. Kc5 Nd5 41. Bd3 b4 42. Kc4 Kg7 43. Kd4 b3 44. Ke4 b2 0-1

[Event "Early-Titled-Tuesday-Blitz-January-30-2024"]
[Site "Chess.com"]
[Date "2024.01.30"]
[Round "9"]
[White "HajiyevKanan"]
[Black "Alen_Yeremyann"]
[Result "0-1"]
[WhiteElo "2574"]
[BlackElo "2736"]
[TimeControl "180+1"]
[EndTime "9:48:23 PST"]
[Termination "Alen_Yeremyann won on time"]

1. d4 Nf6 2. Nf3 g6 3. g3 Bg7 4. Bg2 O-O 5. O-O d5 6. b3 c5 7. Bb2 Ne4 8. e3 Nc6 9. Nbd2 Bf5 10. c3 Rc8 11. Nh4 Nxd2 12. Qxd2 Be6 13. f4 f5 14.
Nf3 Bf7 15. dxc5 e6 16. b4 a5 17. a3 b6 18. b5 Na7 19. cxb6 Nxb5 20. b7 Rb8 21. c4 dxc4 22. Qxd8 Rfxd8 23. Bxg7 Kxg7 24.
Rfb1 Nc3 25. Rb6 Nd5 26. Rb5 Rd7 27. Rab1 Nc3 28. Ne5 Rc7 29. Nc6 Rxc6 30. Bxc6 Nxb1 31. Rxb1 Kf6 32. Rb5 Ke7 33. Rxa5 Kd6 34. Ra6 Kc7 35. Bf3 Kd7 36. Kf2 c3 37. Ke2 e5 38. Kd1 e4 39. Be2 Rxb7 40. a4 Rb2 41. Bb5+ Kc8 42. Ra7 Bb3+ 43. Kc1 Rxh2 44. Ba6+ Kd8 45. Ra8+ Ke7 46.
Ra7+ Kf8 47. Ra8+ Kg7 48. Ra7+ Kh6 0-1